 Dungeon Crawl Stone Soup version 0.20.1-1-g8b1a95d (webtiles) character file.

422 Gargoyl the Covered (level 6, 0/53 HPs)
             Began as a Minotaur Abyssal Knight on Oct 6, 2017.
             Was a Believer of Lugonu.
             Slain by Crazy Yiuf
             ... wielding a +4 quarterstaff of chaos
              (12 damage)
             ... on level 3 of the Dungeon.
             The game lasted 00:06:29 (3358 turns).

Gargoyl the Covered (Minotaur Abyssal Knight)       Turns: 3358, Time: 00:06:30

Health: 0/53       AC: 11    Str: 16    XL:     6   Next: 63%
Magic:  7/7        EV:  5    Int:  9    God:    Lugonu [**....]
Gold:   129        SH:  8    Dex: 12    Spells: 5/5 levels left

rFire    . . .     SeeInvis .   k - +0 war axe
rCold    . . .     Gourm    .   l - +0 shield
rNeg     . . .     Faith    .   d - +0 chain mail
rPois    .         Spirit   .   (helmet restricted)
rElec    .         Reflect  .   (no cloak)
rCorr    .         Harm     .   i - +0 pair of gloves
MR       .....                  (no boots)
Stlth    ..........             (no amulet)
Regen    0.2/turn               (no ring)
MPRegen  0.1/turn               (no ring)

@: lethally poisoned (0 -> -2)
A: retaliatory headbutt, horns 2
a: Depart the Abyss, Bend Space, Renounce Religion


You were on level 3 of the Dungeon.
You worshipped Lugonu.
Lugonu was pleased with you.
You were not hungry.

You visited 1 branch of the dungeon, and saw 4 of its levels.
You visited the Abyss 1 time.

You collected 129 gold pieces.

Inventory:

Hand Weapons
 a - a +2 hand axe
 k - a +0 war axe (weapon)
Armour
 d - a +0 chain mail (worn)
 i - a +0 pair of gloves (worn)
 l - a +0 shield (worn)
Scrolls
 b - a scroll of identify
Potions
 j - a potion of mutation {unknown}
 n - 3 potions of brilliance
 o - a potion of curing {unknown}
 q - a potion of flight {unknown}
Comestibles
 c - 2 bread rations
 g - 6 fruits
 m - a royal jelly


   Skills:
 + Level 4.7 Fighting
 + Level 4.7 Axes
 * Level 5.5 Armour
 + Level 1.5 Dodging
 + Level 2.4 Shields
 * Level 2.7 Invocations


You had 5 spell levels left.
You didn't know any spells.

Dungeon Overview and Level Annotations

Branches:
Dungeon (4/15)
 Temple: D:4-7

Altars:

Annotations:
D:3 Crazy Yiuf


Innate Abilities, Weirdness & Mutations

You reflexively headbutt those who attack you in melee.
You have a pair of horns on your head.


Message History

You are poisoned.
You slash Crazy Yiuf!
You headbutt Crazy Yiuf, but do no damage.
Crazy Yiuf is severely wounded.
You feel sick.
Crazy Yiuf hits you with a quarterstaff of chaos!
Crazy Yiuf freezes you.
You closely miss Crazy Yiuf. You headbutt Crazy Yiuf.
Crazy Yiuf is severely wounded.
You feel sick.
Crazy Yiuf hits you with a quarterstaff of chaos!
Crazy Yiuf burns you.
* * * LOW HITPOINT WARNING * * *
Your shield and chain mail prevent you from hitting Crazy Yiuf.
You headbutt Crazy Yiuf.
Crazy Yiuf is almost dead.
You feel sick. Crazy Yiuf hits you but does no damage.
Crazy Yiuf grits, "Gum!"
Crazy Yiuf hits you with a quarterstaff of chaos!
You die...

#.##.##.##.#####.#
#.##.##.##.#####.#
###########......#
######.##### #####
######...... #)..#
#......##### #...#
######## #.g.# #@#
♣.♣♣ ♣♣.♣ ♣.♣♣
♣♣.♣ ♣♣.♣♣ ♣♣...♣
♣....♣ #....#


You could see Crazy Yiuf.

Vanquished Creatures
  The ghost of Andry07 the Skirmisher, an amateur GrFi (D:3)
  An orc priest (D:4)
  5 orc wizards
  4 gnolls (D:2)
  2 adders (D:3)
  2 leopard geckos (D:2)
  9 orcs
  5 bats
  A giant cockroach (D:2)
  7 goblins
  11 hobgoblins
  7 kobolds
  5 frilled lizards
  12 rats
72 creatures vanquished.

Notes
Turn   | Place    | Note
-------+----------+-------------------------------------------
     0 | Abyss:1  | Gargoyl the Minotaur Abyssal Knight began the quest for the Orb.
     0 | Abyss:1  | Reached XP level 1. HP: 19/19 MP: 1/1
     1 | Abyss:1  | Found a corrupted altar of Lugonu.
    86 | Abyss:2  | Noticed a starcursed mass
    86 | D:1      | Escaped the Abyss
   131 | D:1      | Reached * piety under Lugonu
   194 | D:1      | Reached XP level 2. HP: 27/27 MP: 2/2
  1075 | D:2      | Reached XP level 3. HP: 33/33 MP: 3/3
  1157 | D:2      | Reached skill level 3 in Armour
  1535 | D:2      | Reached ** piety under Lugonu
  1550 | D:2      | Reached XP level 4. HP: 12/41 MP: 4/4
  2150 | D:3      | Reached skill level 4 in Armour
  2150 | D:3      | Reached skill level 1 in Shields
  2219 | D:3      | Noticed Andry07's ghost (amateur GrFi)
  2260 | D:4      | HP: 2/41 [orc priest/nerve-wracking pain (7)]
  2262 | D:4      | Reached XP level 5. HP: 27/47 MP: 5/5
  2466 | D:3      | Killed Andry07's ghost
  2466 | D:3      | Reached skill level 5 in Armour
  2466 | D:3      | Reached XP level 6. HP: 8/53 MP: 6/6
  2961 | D:3      | HP: 2/53 [orc wizard/magic dart (1)]
  3347 | D:3      | Found a runed door.
  3351 | D:3      | Noticed Crazy Yiuf
  3358 | D:3      | Slain by Crazy Yiuf

Skill      XL: |  1  2  3  4  5 |
---------------+----------------+-----
Fighting       | 4 |  4.7
Invocations    | 2 |  2.7
Armour         | 3 4 5 |  5.5
Axes           | 3 4 |  4.7
Shields        | 1 2 |  2.4
Dodging        | |  1.5

Action                   |  1- 3 |  4- 6 || total
-------------------------+-------+-------++-------
Melee: Hand axe          |    44 |       ||    44
       Headbutt          |    12 |    25 ||    37
       War axe           |    43 |   114 ||   157
Invok: Depart the Abyss  |     1 |       ||     1
  Use: Scroll            |     5 |     3 ||     8
       Potion            |       |     6 ||     6
 Stab: Invisible         |       |     1 ||     1
  Eat: Chunk             |     2 |     6 ||     8
Armor: Chain mail        |    67 |   103 ||   170
       Skin              |       |     6 ||     6
Dodge: Dodged            |    31 |    32 ||    63
Block: Shield            |    20 |    55 ||    75
